| TOP OF THE 1ST |
|
Summit Red Dragons batting - Pitching for Williamsport Greys : LHP Antonio Chavez
|
|
Pitching: LHP Antonio Chavez
|
|
|
Batting: RHB Dana Williams
|
0-0: Ball 1-0: SINGLE (Groundball, 56, EV 103.1 MPH)
|
|
Batting: RHB Kenneth Gordon
|
0-0: Called Strike 0-1: Foul Ball, location: 2F 0-2: Ball 1-2: Strikes out swinging
|
|
Batting: SHB Mark T McLemore
|
0-0: Swinging Strike 0-1: Foul Ball, location: 2F 0-2: Strikes out swinging
|
|
Batting: RHB Kash Beauchamp
|
0-0: Ball 1-0: Ball 2-0: Ball 3-0: Called Strike 3-1: Called Strike 3-2: Foul Ball, location: 2F 3-2: Foul Ball, location: 2F 3-2: Foul Ball, location: 2F 3-2: DOUBLE (Line Drive, 9LM, EV 92.5 MPH) Dana Williams to third Dana Williams scores
|
|
Batting: RHB James Stassi
|
0-0: Called Strike 0-1: Foul Ball, location: 2F 0-2: Ball 1-2: Foul Ball, location: 2F 1-2: Ball 2-2: Foul Ball, location: 2F 2-2: Foul Ball, location: 2F 2-2: Ball 3-2: Foul Ball, location: 2F 3-2: Foul Ball, location: 2F 3-2: Base on Balls
|
|
Batting: RHB John Smith
|
0-0: Called Strike 0-1: Ball 1-1: Called Strike 1-2: Fly out, F8 (Flyball, 78D, EV 95.0 MPH)
|
| Top of the 1st over - 1 run, 2 hits, 0 errors, 2 left on base; Summit 1 - Williamsport 0 |
| BOTTOM OF THE 1ST |
|
Williamsport Greys batting - Pitching for Summit Red Dragons : RHP Mike Murphy
|
|
Pitching: RHP Mike Murphy
|
|
|
Batting: RHB Omar Garcia
|
0-0: Called Strike 0-1: Ball 1-1: Ball 2-1: SINGLE (Groundball, 56D, EV 103.1 MPH)
|
|
Batting: RHB Alonzo Powell
|
0-0: Called Strike Omar Garcia is caught stealing 2nd base 2-4 0-1: Fly out, F9 (Flyball, 89S, EV 90.0 MPH)
|
|
Batting: SHB Edwin Darling
|
0-0: Called Strike 0-1: Ball 1-1: Foul Ball, location: 2F 1-2: Strikes out swinging
|
| Bottom of the 1st over - 0 runs, 1 hit, 0 errors, 0 left on base; Summit 1 - Williamsport 0 |
| TOP OF THE 2ND |
|
Summit Red Dragons batting - Pitching for Williamsport Greys : LHP Antonio Chavez
|
|
Batting: RHB Colacito Sanchez
|
0-0: Called Strike 0-1: Swinging Strike 0-2: Strikes out swinging
|
|
Batting: LHB Brian McGan
|
0-0: Called Strike 0-1: Ball 1-1: Ball 2-1: Swinging Strike 2-2: Strikes out looking
|
|
Batting: RHB Howard Nichols
|
0-0: Called Strike 0-1: Ball 1-1: Ball 2-1: Foul Ball, location: 2F 2-2: Foul Ball, location: 2F 2-2: Ball 3-2: Fly out, F9 (Flyball, 9LM, EV 85.0 MPH)
|
| Top of the 2nd over - 0 runs, 0 hits, 0 errors, 0 left on base; Summit 1 - Williamsport 0 |
| BOTTOM OF THE 2ND |
|
Williamsport Greys batting - Pitching for Summit Red Dragons : RHP Mike Murphy
|
|
Batting: SHB Rico Avalos
|
0-0: Called Strike 0-1: SINGLE (Groundball, 6D, EV 97.5 MPH)
|
|
Batting: LHB Bobby Buchanon
|
0-0: Called Strike 0-1: SINGLE (Line Drive, 56, EV 94.4 MPH) Rico Avalos to second
|
|
Batting: RHB Manny Rivera
|
0-0: Called Strike 0-1: Ball 1-1: Ball 2-1: Foul Ball, location: 2F 2-2: Grounds into double play, 6-4-3 (Groundball, 6, EV 80.0 MPH) Rico Avalos to third
|
|
Batting: RHB Eddie Williams
|
0-0: Swinging Strike 0-1: Reached on error, E3 (Groundball, 34, EV 107.5 MPH) Rico Avalos scores
|
|
Batting: SHB Chris Howard
|
0-0: SINGLE (Groundball, 4MD, EV 103.8 MPH) Eddie Williams to second Runner from 2nd tries for 3rd, SAFE, throw by CF made to third
|
|
Batting: RHB Brad Luther
|
0-0: Foul Ball, location: 2F 0-1: Called Strike 0-2: Ball 1-2: Ball 2-2: Foul Ball, location: 2F 2-2: Foul Ball, location: 2F 2-2: Foul Ball, location: 2F 2-2: Strikes out swinging
|
| Bottom of the 2nd over - 1 run, 3 hits, 1 error, 2 left on base; Summit 1 - Williamsport 1 |
| TOP OF THE 3RD |
|
Summit Red Dragons batting - Pitching for Williamsport Greys : LHP Antonio Chavez
|
|
Batting: RHB Dana Williams
|
0-0: Ball 1-0: Called Strike 1-1: Ball 2-1: Foul Ball, location: 2F 2-2: Ball 3-2: Ground out 4-3 (Groundball, 34, EV 104.4 MPH)
|
|
Batting: RHB Kenneth Gordon
|
0-0: Ball 1-0: Foul Ball, location: 2F 1-1: Ball 2-1: Fly out, F5 (Line Drive, 5, EV 63.8 MPH)
|
|
Batting: SHB Mark T McLemore
|
0-0: Ball 1-0: Foul Ball, location: 2F 1-1: Called Strike 1-2: Foul Ball, location: 2F 1-2: Fly out, F9 (Flyball, 89D, EV 90.0 MPH)
|
| Top of the 3rd over - 0 runs, 0 hits, 0 errors, 0 left on base; Summit 1 - Williamsport 1 |
| BOTTOM OF THE 3RD |
|
Williamsport Greys batting - Pitching for Summit Red Dragons : RHP Mike Murphy
|
|
Batting: RHB Omar Garcia
|
0-0: Called Strike 0-1: Ball 1-1: Ball 2-1: Called Strike 2-2: Ball 3-2: Base on Balls
|
|
Batting: RHB Alonzo Powell
|
0-0: Swinging Strike 0-1: Ball Wild Pitch! Omar Garcia to second 1-1: Ball 2-1: Ball 3-1: Base on Balls
|
|
Batting: SHB Edwin Darling
|
0-0: Ball 1-0: Foul Ball, location: 2F 1-1: Foul Ball, location: 2F 1-2: Ball 2-2: Strikes out swinging
|
|
Batting: SHB Rico Avalos
|
0-0: Called Strike 0-1: Ball 1-1: Ball Omar Garcia is caught stealing 3rd base 2-5 2-1: Ball 3-1: Base on Balls Alonzo Powell to second
|
|
Batting: LHB Bobby Buchanon
|
0-0: Called Strike 0-1: Fly out, F8 (Flyball, 8LD, EV 105.0 MPH)
|
| Bottom of the 3rd over - 0 runs, 0 hits, 0 errors, 2 left on base; Summit 1 - Williamsport 1 |
| TOP OF THE 4TH |
|
Summit Red Dragons batting - Pitching for Williamsport Greys : LHP Antonio Chavez
|
|
Batting: RHB Kash Beauchamp
|
0-0: Called Strike 0-1: Ball 1-1: Swinging Strike 1-2: Foul Ball, location: 2F 1-2: Strikes out swinging, 2-3 out at first.
|
|
Batting: RHB James Stassi
|
0-0: Foul Ball, location: 2F 0-1: Ground out 5-3 (Groundball, 56, EV 85.0 MPH)
|
|
Batting: RHB John Smith
|
0-0: Ball 1-0: Foul Ball, location: 2F 1-1: Ball 2-1: Ball 3-1: Base on Balls
|
|
Batting: RHB Colacito Sanchez
|
0-0: Ball 1-0: Called Strike 1-1: Foul Ball, location: 2F 1-2: Ball 2-2: Ball 3-2: Foul Ball, location: 2F 3-2: Strikes out looking
|
| Top of the 4th over - 0 runs, 0 hits, 0 errors, 1 left on base; Summit 1 - Williamsport 1 |
| BOTTOM OF THE 4TH |
|
Williamsport Greys batting - Pitching for Summit Red Dragons : RHP Mike Murphy
|
|
Batting: RHB Manny Rivera
|
0-0: Ball 1-0: Ball 2-0: Foul Ball, location: 2F 2-1: Swinging Strike 2-2: Foul Ball, location: 2F 2-2: Strikes out swinging
|
|
Batting: RHB Eddie Williams
|
0-0: Called Strike 0-1: Called Strike 0-2: Foul Ball, location: 2F 0-2: Strikes out swinging
|
|
Batting: SHB Chris Howard
|
0-0: Called Strike 0-1: Foul Ball, location: 2F 0-2: Ball 1-2: Fly out, F5 (Line Drive, 5, EV 74.4 MPH)
|
| Bottom of the 4th over - 0 runs, 0 hits, 0 errors, 0 left on base; Summit 1 - Williamsport 1 |
| TOP OF THE 5TH |
|
Summit Red Dragons batting - Pitching for Williamsport Greys : LHP Antonio Chavez
|
|
Batting: LHB Brian McGan
|
0-0: Ball 1-0: Called Strike 1-1: Ball 2-1: Foul Ball, location: 2F 2-2: Strikes out swinging
|
|
Batting: RHB Howard Nichols
|
0-0: Fly out, F8 (Flyball, 8RS, EV 92.5 MPH)
|
|
Batting: RHB Dana Williams
|
0-0: Ball 1-0: Ball 2-0: Fly out, F8 (Flyball, 8RS, EV 72.5 MPH)
|
| Top of the 5th over - 0 runs, 0 hits, 0 errors, 0 left on base; Summit 1 - Williamsport 1 |
| BOTTOM OF THE 5TH |
|
Williamsport Greys batting - Pitching for Summit Red Dragons : RHP Mike Murphy
|
|
Batting: RHB Brad Luther
|
0-0: Called Strike 0-1: Swinging Strike 0-2: Ball 1-2: Fly out, F7 (Flyball, 7LS, EV 86.3 MPH)
|
|
Batting: RHB Omar Garcia
|
0-0: Ball 1-0: SINGLE (Groundball, 4MD, EV 97.5 MPH)
|
|
Batting: RHB Alonzo Powell
|
0-0: Foul Ball, location: 2F 0-1: Ball 1-1: Ball 2-1: DOUBLE (Line Drive, 7LM, EV 110.6 MPH) Omar Garcia to third
|
|
Batting: SHB Edwin Darling
|
0-0: Swinging Strike 0-1: Swinging Strike 0-2: Foul Ball, location: 2F 0-2: Ball 1-2: Strikes out swinging
|
|
Batting: SHB Rico Avalos
|
Balk! Omar Garcia scores Alonzo Powell to third 0-0: Swinging Strike 0-1: Ball 1-1: Called Strike 1-2: Strikes out looking
|
| Bottom of the 5th over - 1 run, 2 hits, 0 errors, 1 left on base; Summit 1 - Williamsport 2 |
| TOP OF THE 6TH |
|
Summit Red Dragons batting - Pitching for Williamsport Greys : LHP Antonio Chavez
|
|
Batting: RHB Kenneth Gordon
|
0-0: Ball 1-0: Foul Ball, location: 2F 1-1: Ball 2-1: Ball 3-1: Foul Ball, location: 2F 3-2: Base on Balls
|
|
Batting: SHB Mark T McLemore
|
0-0: Ball Kenneth Gordon is caught stealing 2nd base 2-4 1-0: Fly out, F9 (Line Drive, 9D, EV 110.0 MPH)
|
|
Batting: RHB Kash Beauchamp
|
0-0: Called Strike 0-1: Ground out 4-3 (Groundball, 4M, EV 100.6 MPH)
|
| Top of the 6th over - 0 runs, 0 hits, 0 errors, 0 left on base; Summit 1 - Williamsport 2 |
| BOTTOM OF THE 6TH |
|
Williamsport Greys batting - Pitching for Summit Red Dragons : RHP Mike Murphy
|
|
Batting: LHB Bobby Buchanon
|
0-0: Called Strike 0-1: Swinging Strike 0-2: Ball 1-2: Ball 2-2: Strikes out looking
|
|
Batting: RHB Manny Rivera
|
0-0: Ball 1-0: Swinging Strike 1-1: Ball 2-1: Ball 3-1: Foul Ball, location: 2F 3-2: Strikes out swinging
|
|
Batting: RHB Eddie Williams
|
0-0: Ball 1-0: Foul Ball, location: 2F 1-1: Fly out, F4 (Popup, 34D, EV 48.1 MPH)
|
| Bottom of the 6th over - 0 runs, 0 hits, 0 errors, 0 left on base; Summit 1 - Williamsport 2 |
| TOP OF THE 7TH |
|
Summit Red Dragons batting - Pitching for Williamsport Greys : LHP Antonio Chavez
|
|
Batting: RHB James Stassi
|
0-0: Called Strike 0-1: Called Strike 0-2: DOUBLE (Line Drive, 9LS, EV 99.4 MPH)
|
|
Batting: RHB John Smith
|
0-0: Ball 1-0: Ball 2-0: Called Strike 2-1: Fly out, F6 (Line Drive, 6, EV 71.9 MPH)
|
|
Batting: RHB Colacito Sanchez
|
0-0: Ball 1-0: Called Strike 1-1: Called Strike 1-2: Ball 2-2: Ball 3-2: Strikes out swinging
|
|
Batting: RHB Christopher Goodyear
|
0-0: Ball 1-0: Ball 2-0: Foul Ball, location: 2F 2-1: Ball 3-1: Ground out 5-3 (Groundball, 56S, EV 71.9 MPH)
|
| Top of the 7th over - 0 runs, 1 hit, 0 errors, 1 left on base; Summit 1 - Williamsport 2 |
| BOTTOM OF THE 7TH |
|
Williamsport Greys batting - Pitching for Summit Red Dragons : RHP Mike Murphy
|
|
Batting: SHB Chris Howard
|
0-0: Called Strike 0-1: Reached on error, E4 (Groundball, 4, EV 81.9 MPH)
|
|
Batting: RHB Brad Luther
|
0-0: Ball 1-0: Ball 2-0: Called Strike 2-1: SINGLE (Groundball, 6D, EV 98.8 MPH) Chris Howard to second
|
|
Batting: RHB Omar Garcia
|
0-0: Bunt missed! 0-1: Ball 1-1: Bunted foul 1-2: Ball 2-2: Ball 3-2: Base on Balls Chris Howard to third Brad Luther to second
|
|
Batting: RHB Alonzo Powell
|
0-0: Ball 1-0: Ball 2-0: Ball 3-0: Base on Balls Chris Howard scores Brad Luther to third Omar Garcia to second
|
|
Batting: SHB Edwin Darling
|
0-0: Ball 1-0: Called Strike 1-1: Swinging Strike 1-2: Strikes out swinging
|
|
Batting: SHB Rico Avalos
|
0-0: Called Strike 0-1: Ball 1-1: Ball 2-1: Swinging Strike 2-2: Ball 3-2: Foul Ball, location: 2F 3-2: Foul Ball, location: 2F 3-2: Foul Ball, location: 2F 3-2: Grounds into fielders choice 5-2 (Groundball, 56S, EV 87.5 MPH) Omar Garcia to third Alonzo Powell to second
|
|
Batting: LHB Bobby Buchanon
|
0-0: Foul Ball, location: 2F 0-1: Swinging Strike 0-2: Ball 1-2: Strikes out swinging
|
| Bottom of the 7th over - 1 run, 1 hit, 1 error, 3 left on base; Summit 1 - Williamsport 3 |
| TOP OF THE 8TH |
|
Summit Red Dragons batting - Pitching for Williamsport Greys : LHP Antonio Chavez
|
|
Batting: RHB Howard Nichols
|
0-0: Swinging Strike 0-1: DOUBLE (Line Drive, 9LM, EV 98.8 MPH)
|
|
Pitching: RHP Jose Zamora
|
|
|
Batting: RHB Dana Williams
|
0-0: Called Strike 0-1: Ball 1-1: Foul Ball, location: 2F 1-2: Fly out, F3 (Line Drive, 3, EV 69.4 MPH)
|
|
Batting: RHB Kenneth Gordon
|
0-0: Foul Ball, location: 2F 0-1: Ground out 1-3 (Groundball, 34S, EV 71.9 MPH) Howard Nichols to third
|
|
Batting: SHB Mark T McLemore
|
0-0: Ball 1-0: 2-RUN HOME RUN (Flyball, 89XD, EV 90.0 MPH), Distance : 438 ft
|
|
Batting: RHB Kash Beauchamp
|
0-0: Ball 1-0: Fly out, F9 (Line Drive, 9, EV 85.0 MPH)
|
| Top of the 8th over - 2 runs, 2 hits, 0 errors, 0 left on base; Summit 3 - Williamsport 3 |
| BOTTOM OF THE 8TH |
|
Williamsport Greys batting - Pitching for Summit Red Dragons : RHP Mike Murphy
|
|
Batting: RHB Manny Rivera
|
0-0: Hit by Pitch
|
|
Batting: RHB Eddie Williams
|
0-0: Called Strike 0-1: Called Strike 0-2: Foul Ball, location: 2F Balk! Manny Rivera to second 0-2: Ball 1-2: Ground out 5-3 (Groundball, 56S, EV 64.4 MPH) Manny Rivera to third
|
|
Batting: SHB Chris Howard
|
0-0: Intentional Walk
|
|
Pitching: RHP Joe Olivas
|
|
|
Batting: RHB Brad Luther
|
0-0: Ball 1-0: Called Strike 1-1: Swinging Strike 1-2: Foul Ball, location: 2F 1-2: Fly out, F8 (Flyball, 8RS, EV 83.1 MPH)
|
|
Batting: RHB Omar Garcia
|
0-0: Ball 1-0: Fly out, F9 (Line Drive, 9, EV 96.3 MPH)
|
| Bottom of the 8th over - 0 runs, 0 hits, 0 errors, 2 left on base; Summit 3 - Williamsport 3 |
| TOP OF THE 9TH |
|
Summit Red Dragons batting - Pitching for Williamsport Greys : RHP Jose Zamora
|
|
Pitching: LHP Pedro Lopez
|
|
|
Batting: RHB James Stassi
|
0-0: Called Strike 0-1: Fly out, F3 (Popup, 3, EV 70.6 MPH)
|
|
Batting: RHB John Smith
|
0-0: Called Strike 0-1: Foul Ball, location: 2F 0-2: Ball 1-2: Ball 2-2: Ball 3-2: Foul Ball, location: 2F 3-2: Fly out, F7 (Flyball, 7LS, EV 83.1 MPH)
|
|
Batting: RHB Colacito Sanchez
|
0-0: Ball 1-0: Ball 2-0: Ball 3-0: Called Strike 3-1: Base on Balls
|
|
Batting: RHB Christopher Goodyear
|
0-0: Ball 1-0: Foul Ball, location: 2F 1-1: Foul Ball, location: 2F 1-2: Ball Colacito Sanchez steals 2nd base 2-2: Foul Ball, location: 2F 2-2: Fly out, F8 (Flyball, 8LXD, EV 79.4 MPH)
|
| Top of the 9th over - 0 runs, 0 hits, 0 errors, 1 left on base; Summit 3 - Williamsport 3 |
| BOTTOM OF THE 9TH |
|
Williamsport Greys batting - Pitching for Summit Red Dragons : RHP Joe Olivas
|
|
Pitching: RHP Tim Meckes
|
|
|
Pinch Hitting: LHB Angel Bayron
|
0-0: Called Strike 0-1: Ball 1-1: Ball 2-1: Foul Ball, location: 2F 2-2: Ball 3-2: Base on Balls
|
|
Batting: SHB Edwin Darling
|
0-0: Foul Ball, location: 2F 0-1: Ball 1-1: Foul Ball, location: 2F 1-2: Ball 2-2: Ball 3-2: Foul Ball, location: 2F 3-2: Strikes out swinging
|
|
Batting: SHB Rico Avalos
|
0-0: Foul Ball, location: 2F 0-1: Ball 1-1: Ball 2-1: DOUBLE (Line Drive, 7LM, EV 102.5 MPH) Angel Bayron to third
|
|
Batting: LHB Bobby Buchanon
|
0-0: Called Strike 0-1: Ball 1-1: Foul Ball, location: 2F 1-2: Foul Ball, location: 2F 1-2: Strikes out looking
|
|
Batting: RHB Manny Rivera
|
0-0: Ground out U3 (Groundball, 34, EV 83.8 MPH)
|
| Bottom of the 9th over - 0 runs, 1 hit, 0 errors, 2 left on base; Summit 3 - Williamsport 3 |
| TOP OF THE 10TH |
|
Summit Red Dragons batting - Pitching for Williamsport Greys : LHP Pedro Lopez
|
|
Now in RF: Angel Bayron
|
|
|
Batting: RHB Howard Nichols
|
0-0: Swinging Strike 0-1: Called Strike 0-2: Ground out 6-3 (Groundball, 6, EV 103.8 MPH)
|
|
Batting: RHB Dana Williams
|
0-0: Ground out U3 (Groundball, 34S, EV 85.6 MPH)
|
|
Batting: RHB Kenneth Gordon
|
0-0: Ball 1-0: Swinging Strike 1-1: Foul Ball, location: 2F 1-2: Strikes out swinging
|
| Top of the 10th over - 0 runs, 0 hits, 0 errors, 0 left on base; Summit 3 - Williamsport 3 |
| BOTTOM OF THE 10TH |
|
Williamsport Greys batting - Pitching for Summit Red Dragons : RHP Tim Meckes
|
|
Pinch Hitting: RHB Rodney Martin
|
0-0: Foul Ball, location: 2F 0-1: Ball 1-1: Ball 2-1: Fly out, F8 (Line Drive, 8RD, EV 93.1 MPH)
|
|
Batting: SHB Chris Howard
|
0-0: Ball 1-0: Ball 2-0: Called Strike 2-1: Swinging Strike 2-2: Foul Ball, location: 2F 2-2: Ground out 6-3 (Groundball, 6, EV 80.0 MPH)
|
|
Pinch Hitting: SHB James Allen
|
0-0: Ground out 4-3 (Groundball, 4, EV 88.8 MPH)
|
| Bottom of the 10th over - 0 runs, 0 hits, 0 errors, 0 left on base; Summit 3 - Williamsport 3 |
| TOP OF THE 11TH |
|
Summit Red Dragons batting - Pitching for Williamsport Greys : LHP Pedro Lopez
|
|
Now at 3B: James Allen
|
|
|
Now at SS: Jim D'Aloia
|
|
|
Batting: SHB Mark T McLemore
|
0-0: Ball 1-0: Called Strike 1-1: Ball 2-1: Foul Ball, location: 2F 2-2: Ball 3-2: Foul Ball, location: 2F 3-2: Fly out, F7 (Flyball, 7, EV 87.5 MPH)
|
|
Batting: RHB Kash Beauchamp
|
0-0: Ball 1-0: Foul Ball, location: 2F 1-1: SINGLE (Groundball, 4MD, EV 108.1 MPH)
|
|
Batting: RHB James Stassi
|
0-0: Fly out, F6 (Line Drive, 6, EV 69.4 MPH)
|
|
Batting: RHB John Smith
|
0-0: Called Strike 0-1: SINGLE (Line Drive, 89S, EV 99.4 MPH) Kash Beauchamp to second Runner from 2nd tries for 3rd, SAFE, no throw by RF
|
|
Batting: RHB Colacito Sanchez
|
0-0: Foul Ball, location: 2F 0-1: Ball 1-1: Swinging Strike 1-2: Ball 2-2: Fly out, F9 (Flyball, 9S, EV 77.5 MPH)
|
| Top of the 11th over - 0 runs, 2 hits, 0 errors, 2 left on base; Summit 3 - Williamsport 3 |
| BOTTOM OF THE 11TH |
|
Williamsport Greys batting - Pitching for Summit Red Dragons : RHP Tim Meckes
|
|
Batting: RHB Omar Garcia
|
0-0: Ball 1-0: Called Strike 1-1: Ground out 6-3 (Groundball, 56, EV 85.6 MPH)
|
|
Batting: LHB Angel Bayron
|
0-0: Called Strike 0-1: Foul Ball, location: 2F 0-2: Ground out U3 (Groundball, 34S, EV 80.0 MPH)
|
|
Batting: SHB Edwin Darling
|
0-0: Called Strike 0-1: Ball 1-1: Called Strike 1-2: Ball 2-2: Ball 3-2: Foul Ball, location: 2F 3-2: Foul Ball, location: 2F 3-2: Base on Balls
|
|
Batting: SHB Rico Avalos
|
0-0: Fielders Choice at 2nd, 6-4 (Groundball, 6, EV 101.9 MPH)
|
| Bottom of the 11th over - 0 runs, 0 hits, 0 errors, 1 left on base; Summit 3 - Williamsport 3 |
| TOP OF THE 12TH |
|
Summit Red Dragons batting - Pitching for Williamsport Greys : LHP Pedro Lopez
|
|
Batting: RHB Christopher Goodyear
|
0-0: Foul Ball, location: 2F 0-1: Ball 1-1: Called Strike 1-2: Foul Ball, location: 2F 1-2: Strikes out looking
|
|
Batting: RHB Howard Nichols
|
0-0: Ball 1-0: Foul Ball, location: 2F 1-1: Called Strike 1-2: Strikes out swinging
|
|
Batting: RHB Dana Williams
|
0-0: Foul Ball, location: 2F 0-1: Swinging Strike 0-2: Foul Ball, location: 2F 0-2: Ball 1-2: Foul Ball, location: 2F 1-2: Ball 2-2: Fly out, F9 (Line Drive, 9D, EV 93.1 MPH)
|
| Top of the 12th over - 0 runs, 0 hits, 0 errors, 0 left on base; Summit 3 - Williamsport 3 |
| BOTTOM OF THE 12TH |
|
Williamsport Greys batting - Pitching for Summit Red Dragons : RHP Tim Meckes
|
|
Batting: LHB Bobby Buchanon
|
0-0: Ball 1-0: Ball 2-0: Foul Ball, location: 2F 2-1: Ball 3-1: Base on Balls
|
|
Pitching: RHP Kevin Priessman
|
|
|
Batting: RHB Manny Rivera
|
0-0: Ball 1-0: Called Strike 1-1: Foul Ball, location: 2F 1-2: Ball 2-2: Strikes out looking
|
|
Pinch Hitting: SHB Bruce Stocker
|
0-0: Ball 1-0: Ball 2-0: SINGLE (Groundball, 34D, EV 95.6 MPH) Bobby Buchanon to second Runner from 2nd tries for 3rd, SAFE, throw by RF made to third
|
|
Batting: SHB Chris Howard
|
0-0: Ball Bruce Stocker steals 2nd base (no throw) 1-0: Ball 2-0: Ball 3-0: Called Strike 3-1: Base on Balls
|
|
Batting: SHB James Allen
|
0-0: Ball 1-0: SINGLE (Groundball, 4MD, EV 97.5 MPH) Bobby Buchanon scores
|
| Bottom of the 12th over - 1 run, 2 hits, 0 errors, 0 left on base; Summit 3 - Williamsport 4 |
|